 Dungeon Crawl Stone Soup version 0.30.0-29-ga12c61a403 (webtiles) character file.

Game seed: 15739760087273446184

37 qw the Shield-Bearer (level 3, -6/23 HPs)
             Began as a Gargoyle Fighter on June 5, 2023.
             Killed by divine providence
             ... invoked by an orc priest
              (12 damage)
             ... on level 2 of the Dungeon.
             The game lasted 00:00:26 (908 turns).

qw the Shield-Bearer (Gargoyle Fighter)              Turns: 908, Time: 00:00:26

Health: -6/23      AC: 10    Str: 21    XL:     3   Next: 41%
Magic:  3/3        EV:  9    Int:  8    God:
Gold:   99         SH:  4    Dex:  9    Spells: 2/2 levels left

rFire   . . .        Y - +0 war axe
rCold   . . .        c - +0 buckler
rNeg    + . .        b - +0 scale mail
rPois   inf          (no helmet)
rElec   +            (no cloak)
rCorr   .            (no gloves)
SInv    .            (no boots)
Will    .....        (no amulet) Stlth
                     (no ring)
HPRegen 0.23/turn    (no ring)
MPRegen 0.08/turn

%: no passive effects
@: no status effects
A: sickness immunity, AC +3, negative energy resistance 1, electricity
resistance, torment resistance 1, petrification resistance
a: no special abilities


You were on level 2 of the Dungeon.
You visited 1 branch of the dungeon, and saw 2 of its levels.

You collected 99 gold pieces.


Innate Abilities, Weirdness & Mutations

You are immune to sickness and miasma.
Your stone body is resilient. (AC +3)
You are immune to poison.
You resist negative energy. (rN+)
You are resistant to electric shocks. (rElec)
You are resistant to unholy torment.
You are immune to petrification.


   Skills:
 - Level 3.2 Fighting
 + Level 3.1 Axes
 - Level 1.0 Throwing
 - Level 3.2 Armour
 - Level 3.2 Shields


You had 2 spell levels left.
You didn't know any spells.
Your spell library was empty.

Inventory:

Hand Weapons
 j - a +0 whip
 Y - a +0 war axe (weapon)
Missiles
 e - 2 javelins (quivered)
Armour
 b - a +0 scale mail (worn)
 c - a +0 buckler (worn)
Scrolls
 a - a scroll of noise {unknown}
Potions
 d - a potion of might
 f - a potion of invisibility {unknown}
 h - a potion of curing {unknown}
 k - 3 potions of brilliance {unknown}

Dungeon Overview and Level Annotations

Branches:
Dungeon (2/15)

Altars:

Shops:
D:1 [


Message History

You barely miss the orc priest. You miss the adder. The endoplasm hits you.
The orc priest calls down the wrath of Beogh upon you.
You are unaffected.
The adder bites you but does no damage.
The orc priest hits you but does no damage.
The endoplasm hits you but does no damage.
You slash the endoplasm!
You kill the endoplasm!
You hit the orc priest. You hit the adder but do no damage.
The adder bites you but does no damage. The adder closely misses you.
The orc priest invokes the aid of Beogh against you.
Pain shoots through your body!
You hit the orc priest.
The orc priest is moderately wounded.
You barely miss the adder. The adder barely misses you.
The orc priest hits you with a +0 short sword.
The adder barely misses you.
You slash the orc priest!
The orc priest is severely wounded.
You barely miss the orc. You hit the adder.
The adder bites you but does no damage. You block the orc priest's attack.
You block the orc's attack. The adder closely misses you.
The orc closely misses you. The orc priest barely misses you.
You barely miss the orc priest.
The orc priest is severely wounded.
You hit the adder but do no damage. You closely miss the orc.
You block the adder's attack. You block the orc priest's attack.
The orc hits you but does no damage. You block the adder's attack.
You barely miss the orc priest.
The orc priest is severely wounded.
You slash the orc!
You kill the orc!
You slash the adder!
You kill the adder!
The orc priest looks braver for a moment.
The orc priest invokes the aid of Beogh against you.
Beogh smites you!
Ouch! That really hurt!
You die...

##..#.# ..
#..#.##########.#
#.............#.#
#.####..#####.#.#
#.# ##..# #.#.#
#.# ###.####.#.#
#.. .........#.#
##
###.#####).#####.#
.......o@......#
##.##.##r#..####
... .## .... ...
.# #### ###..# #..
#. (


You could see an orc priest and a quokka.

Vanquished Creatures
  2 adders (D:2)
  An orc (D:2)
  5 endoplasms
  2 giant cockroaches
  2 goblins
  A hobgoblin (D:1)
  5 kobolds
  A quokka (D:2)
  A ball python (D:1)
  3 bats
  3 rats (D:1)
26 creatures vanquished.

Notes
Turn   | Place    | Note
-------+----------+-------------------------------------------
     0 | D:1      | qw the Gargoyle Fighter began the quest for the Orb.
     0 | D:1      | Reached XP level 1. HP: 14/14 MP: 1/1
     0 | D:1      | 0 ||| qw: Version: 0.2-a-108-gee2c290
     0 | D:1      | 0 ||| qw: Game counter: 1336
     0 | D:1      | 0 ||| qw: Always use a shield: true
     0 | D:1      | 0 ||| qw: God list: Okawaru
     0 | D:1      | 0 ||| qw: Allow faded altars: false
     0 | D:1      | 0 ||| qw: Do Orc after D:15 true
     0 | D:1      | 0 ||| qw: Do second Lair branch before Depths: true
     0 | D:1      | 0 ||| qw: Lair rune preference: random
     0 | D:1      | 0 ||| qw: Plans: Normal, Zot:1-4, Slime:5, God:TSO, Crypt,
                  | Tomb, Abyss, Pan, Hells, Win
     0 | D:1      | 0 ||| PLANNING D:1-11
   111 | D:1      | Found Akiump's Antique Armour Boutique.
   116 | D:1      | 116 ||| SHOPLISTING ancient leather armour (210 gold, have
                  | 19).
   116 | D:1      | 116 ||| SHOPLISTING chain mail (135 gold, have 19).
   116 | D:1      | 116 ||| SHOPLISTING kite shield (135 gold, have 19).
   116 | D:1      | 116 ||| SHOPLISTING plate armour (690 gold, have 19).
   116 | D:1      | 116 ||| SHOPLISTING runed orb (360 gold, have 19).
   116 | D:1      | 116 ||| SHOPLISTING runed plate armour (780 gold, have 19).
   150 | D:1      | Reached XP level 2. HP: 17/19 MP: 2/2
   276 | D:1      | 276 ||| Stepping ~*~*~tactically~*~*~ (hiding).
   336 | D:1      | 336 ||| Stepping ~*~*~tactically~*~*~ (stealth).
   443 | D:1      | 443 ||| DROPPING +0 club.
   653 | D:1      | 653 ||| READING scroll labelled OGIUPT GAMAIFA.
   654 | D:1      | 654 ||| READING scroll labelled LAUTTU RUIPPUTS.
   655 | D:1      | 655 ||| READING scroll labelled WAPECAPAHE.
   826 | D:2      | Reached skill level 3 in Axes
   860 | D:2      | Reached XP level 3. HP: 23/23 MP: 3/3
   901 | D:2      | Reached skill level 1 in Throwing
   905 | D:2      | HP: 5/23 [orc priest/+0 short sword (2)]
   908 | D:2      | Killed from afar by an orc priest

Levels and vault maps discovered:
D:1:      saegor_arrival_simple_c, layout_basic, serial_shops,
          nicolae_shop_just_a_little_nook
D:2:      layout_basic, basic_altar, minmay_tripent

Skill      XL: |  1  2  3 |
---------------+----------+-----
Axes           | 2 3 |  3.1
Throwing       | 1 |  1.0
Fighting       | |  3.2
Armour         | |  3.2
Shields        | |  3.2

Action                     || total
---------------------------++-------
  Melee: War axe           ||    75
  Throw: Javelin           ||     1
    Use: Scroll            ||     3
 Armour: Scale mail        ||    48
  Dodge: Dodged            ||    32
  Block: Buckler           ||    18

Table legend:
 A = Non-vault XP
 B = Vault XP
 C = Vault XP percentage of total XP
 D = Non-vault monster count
 E = Vault monster count
 F = Vault count percentage of total count
                 A         B        C        D         E       F
            +---------+---------+-------+---------+---------+-------
      Total |      66 |       4 |   5.7 |      24 |       2 |   7.7
            +---------+---------+-------+---------+---------+-------
        D:1 |      20 |       0 |   0.0 |      13 |       0 |   0.0
        D:2 |      46 |       4 |   8.0 |      11 |       2 |  15.4
            +---------+---------+-------+---------+---------+-------
